 Dungeon Crawl Stone Soup version 0.28.0-43-g3370ac3207 (webtiles) character file.

Game seed: 1576408626345272600

27 fragbeetle the Changer (level 2, -3/23 HPs)
             Began as a Draconian Transmuter on Mar 9, 2022.
             Slain by Terence
             ... wielding a +2 falchion of holy wrath
              (5 damage)
             ... on level 2 of the Dungeon.
             The game lasted 00:01:00 (1176 turns).

fragbeetle the Changer (Draconian Transmuter)       Turns: 1176, Time: 00:01:00

Health: -3/23      AC:  4    Str: 12    XL:     2   Next: 93%
Magic:  5/5        EV: 12    Int: 13    God:
Gold:   51         SH:  0    Dex: 11    Spells: 4/5 levels left

rFire   . . .      SeeInvis .     - Unarmed
rCold   . . .      Faith    .   (no shield)
rNeg    . . .      Spirit   .   (armour unavailable)
rPois   .          Reflect  .   (helmet currently unavailable)
rElec   .          Harm     .   (no cloak)
rCorr   .          Rampage  .   (no gloves)
Will    .....                   (boots currently unavailable)
Stlth   +.........              a - amulet of magic regeneration
HPRegen 0.07/turn               (no ring)
MPRegen 0.49/turn               (no ring)

@: appendages
A: horns 2, talons 2, AC +4, unfitting armour, cold-blooded
a: End Transformation


You were on level 2 of the Dungeon.
You had temporarily grown beastly horns and talons.
You visited 1 branch of the dungeon, and saw 2 of its levels.

You collected 51 gold pieces.

Inventory:

Jewellery
 a - an amulet of magic regeneration (around neck)
Scrolls
 b - a scroll of noise {unknown}
 c - a scroll of blinking {unknown}
 d - a scroll of fog {unknown}
Potions
 e - 2 potions of mutation {unknown}


   Skills:
 - Level 1.1 Fighting
 - Level 1.7 Dodging
 - Level 3.0 Unarmed Combat
 - Level 2.0 Spellcasting
 + Level 3.5 Transmutations


You had 4 spell levels left.
You knew the following spells:

 Your Spells              Type           Power      Damage    Failure   Level
a - Beastly Appendage     Tmut           20%        N/A       6%          1

Your spell library contained the following spells:

 Spells                   Type           Power      Damage    Failure   Level
 Wereblood                Tmut           10%        N/A       9%          2
 Ensorcelled Hibernation  Hex/Ice        2%         N/A       36%         2
 Spider Form              Tmut/Pois      5%         N/A       36%         3
 Ice Form                 Ice/Tmut       5%         N/A       77%         4
 Anguish                  Hex/Necr       0%         N/A       94%         4


Dungeon Overview and Level Annotations

Branches:
Dungeon (2/15)

Altars:

Annotations:
D:2 Terence


Innate Abilities, Weirdness & Mutations

You have temporarily grown beastly horns and talons.
Your plain brown scales are hard. (AC +4)
You cannot fit into any form of body armour.
You are cold-blooded and may be slowed by cold attacks.


Message History

Terence hits you with a +2 falchion of holy wrath.
You hit Terence but do no damage. You headbutt Terence, but do no damage.
Terence is moderately wounded.
Terence closely misses you.
You barely miss Terence. You headbutt Terence!
Your tail-slap misses Terence.
Terence is heavily wounded.
Terence closely misses you.
You closely miss Terence. You claw Terence, but do no damage.
Your headbutt misses Terence.
Terence is heavily wounded.
Your horns disappear.
Your talons disappear.
Terence closely misses you.
You completely miss Terence.
Terence is heavily wounded.
Terence closely misses you.
You hit Terence but do no damage. You tail-slap Terence.
Terence is severely wounded.
Terence closely misses you.
You closely miss Terence.
Terence is severely wounded.
You hit Terence but do no damage.
Terence is severely wounded.
Terence hits you but does no damage.
You hit Terence but do no damage.
Terence is severely wounded.
Terence hits you with a +2 falchion of holy wrath!
You hit Terence but do no damage.
Terence is severely wounded.
Terence hits you with a +2 falchion of holy wrath.
* * * LOW HITPOINT WARNING * * *
Unknown command.
Casting: Beastly Appendage (safe; 6% risk of failure)
Confirm with . or Enter, or press ? or * to list all spells.
You grow a pair of large bovine horns.
Your feet morph into talons.
Terence barely misses you.
Unknown command.
You barely miss Terence. Your kick misses Terence.
Terence is severely wounded.
Terence hits you with a +2 falchion of holy wrath.
You die...

#####.)...#####
#####..##.####.###
#.................
#.###...#.####.##.
##.###...#.........
.........#.####.###
#.###...#.#
#....@..#.####.#
#####@#........#
#.########.# #.#
#.# #.# #.# ###


You could see Terence.

Vanquished Creatures
  A gnoll (D:1)
  A ball python (D:1)
  3 bats (D:1)
  2 endoplasms (D:1)
  2 goblins (D:2)
  2 jackals (D:1)
  2 kobolds (D:1)
  2 rats (D:1)
15 creatures vanquished.

Notes
Turn   | Place    | Note
-------+----------+-------------------------------------------
     0 | D:1      | fragbeetle the Draconian Transmuter began the quest for the
                  | Orb.
     0 | D:1      | Reached XP level 1. HP: 16/16 MP: 3/3
    48 | D:1      | Reached XP level 2. HP: 1/23 MP: 5/5
   507 | D:1      | Found a faded altar of an unknown god.
  1149 | D:2      | Noticed Terence
  1176 | D:2      | Slain by Terence

Illustrated notes

Levels and vault maps discovered:
D:1:      dpeg_arrival_rooms_a, layout_basic,
          shapermc_ecumenical_altar_mp_highgroup, nicolae_grassy_gnolls
D:2:      layout_basic, serial_shops,
          nicolae_shop_temple_entry_statues_fountains, shop_statue,
          nicolae_shop_behind_doors, uniq_terence, uniq_jessica

Skill      XL: |  1  2 |
---------------+-------+-----
Transmutations | 3 |  3.5
Fighting       | |  1.1
Dodging        | |  1.7
Unarmed Combat | |  3.0
Spellcasting   | |  2.0

Action                   || total
-------------------------++-------
Melee: Unarmed           ||    51
       Kick              ||     9
       Tailslap          ||     6
       Headbutt          ||     5
 Cast: Beastly Appendage ||    12
Armor: Skin              ||    17
Dodge: Dodged            ||    37
